 Dungeon Crawl Stone Soup version 0.20.1-1-g8b1a95d (webtiles) character file.

354 vineage the Carver (level 6, 0/51 HPs)
             Began as a Minotaur Berserker on Oct 27, 2017.
             Was a Priest of Trog.
             Slain by a hobgoblin (2 damage)
             ... led by Robin
             ... on level 4 of the Dungeon.
             The game lasted 00:04:15 (2339 turns).

vineage the Carver (Minotaur Berserker)             Turns: 2339, Time: 00:04:15

Health: 0/51       AC: 11    Str: 21    XL:     6   Next: 35%
Magic:  5/5        EV:  8    Int:  4    God:    Trog [***...]
Gold:   190        SH:  0    Dex: 12    Spells: 5/5 levels left

rFire    . . .     SeeInvis .   a - +0 falchion
rCold    + . .     Gourm    .   (no shield)
rNeg     . . .     Faith    .   o - +0 chain mail
rPois    .         Spirit   .   (helmet restricted)
rElec    .         Reflect  .   j - +0 cloak
rCorr    .         Harm     .   (no gloves)
MR       .....                  m - +0 pair of boots
Stlth    ..........             (no amulet)
Regen    0.2/turn               f - ring of protection from cold
MPRegen  0.1/turn               (no ring)

@: lethally poisoned (0 -> -17), hasted, very quick
A: retaliatory headbutt, horns 2
a: Berserk, Trog's Hand, Burn Spellbooks, Renounce Religion


You were on level 4 of the Dungeon.
You worshipped Trog.
Trog was most pleased with you.
You were hungry.

You visited 1 branch of the dungeon, and saw 4 of its levels.

You collected 190 gold pieces.

Inventory:

Hand Weapons
 a - a +0 falchion (weapon)
Armour
 b - a +0 animal skin
 j - a +0 cloak (worn)
 m - a +0 pair of boots (worn)
 o - a +0 chain mail (worn)
Jewellery
 f - a ring of protection from cold (left hand)
 q - a cursed ring of loudness {unknown}
Scrolls
 d - a scroll of remove curse
 e - 3 scrolls of teleportation
 i - 2 scrolls of identify
 k - 2 scrolls of enchant weapon
 n - a scroll of fog {unknown}
Potions
 g - a potion of brilliance
 r - a potion of magic {unknown}
 s - a potion of haste
Comestibles
 c - 2 bread rations
 h - 2 royal jellies
 l - 2 meat rations


   Skills:
 - Level 3.6 Fighting
 + Level 8.7 Long Blades
 - Level 2.4 Armour
 - Level 2.1 Dodging


You had 5 spell levels left.
You didn't know any spells.

Dungeon Overview and Level Annotations

Branches:
Dungeon (4/15)
 Temple: D:4-7

Altars:
Cheibriados
Hepliaklqana
Kikubaaqudgha
Makhleb
Okawaru
Sif Muna
Trog


Innate Abilities, Weirdness & Mutations

You reflexively headbutt those who attack you in melee.
You have a pair of horns on your head.


Message History

You feel sick. The hobgoblin closely misses you.
You riposte.
You closely miss the hobgoblin.
Items here: ( ))) [[ † You hit the hobgoblin but do no damage.
* * * LOW HITPOINT WARNING * * *
You feel sick.
The hobgoblin hits you but does no damage.
You hit the hobgoblin.
The hobgoblin is heavily wounded.
* * * LOW HITPOINT WARNING * * *
You feel sick. The hobgoblin completely misses you.
You closely miss the hobgoblin. Your headbutt misses the hobgoblin.
The hobgoblin is heavily wounded.
* * * LOW HITPOINT WARNING * * *
You feel sick.
The hobgoblin hits you but does no damage.
It was a potion of haste.
You feel yourself speed up.
* * * LOW HITPOINT WARNING * * *
You feel sick. The hobgoblin hits you.
You die...

.........
.........
#..!.....
#........
#........ .....# #
#........ .....#
#.##.#'# .....#
#...g$.# .....#
####@### .....#
#)#
.....###########†#
.....##........#)#
.....##.######.#.#
..##....# #..(#
..##....# #####
........#
........#


You could see a hobgoblin.

Vanquished Creatures
  A hound (D:4)
  An orc priest (D:4)
  A centaur skeleton (D:4)
  3 worker ants (D:4)
  Robin (D:4)
  A gnoll (D:2)
  6 adders
  An adder zombie (D:4)
  A worm (D:1)
  5 dart slugs
  3 leopard geckos
  5 orcs
  3 giant cockroaches
  13 goblins
  13 hobgoblins
  4 jackals (D:1)
  5 quokkas
  2 ball pythons
  9 bats
  6 frilled lizards
  9 kobolds
  10 rats
103 creatures vanquished.

Notes
Turn   | Place    | Note
-------+----------+-------------------------------------------
     0 | D:1      | vineage the Minotaur Berserker began the quest for the Orb.
     0 | D:1      | Reached XP level 1. HP: 19/19 MP: 0/0
    31 | D:1      | Reached skill level 4 in Long Blades
    37 | D:1      | Reached XP level 2. HP: 14/26 MP: 1/1
   357 | D:1      | Reached ** piety under Trog
   398 | D:1      | Reached skill level 5 in Long Blades
   435 | D:1      | Reached XP level 3. HP: 27/31 MP: 2/2
   678 | D:2      | Found an iron altar of Okawaru.
   910 | D:2      | Reached XP level 4. HP: 32/39 MP: 3/3
   953 | D:2      | Reached skill level 6 in Long Blades
  1220 | D:2      | Found a bloodstained altar of Trog.
  1220 | D:2      | Found a burning altar of Makhleb.
  1225 | D:2      | Found a faded altar of an unknown god.
  1227 | D:2      | Found a deep blue altar of Sif Muna.
  1229 | D:2      | Found a hazy altar of Hepliaklqana.
  1530 | D:3      | Reached *** piety under Trog
  1764 | D:3      | Reached XP level 5. HP: 43/45 MP: 4/4
  1886 | D:3      | Reached skill level 7 in Long Blades
  1916 | D:3      | Found an ancient bone altar of Kikubaaqudgha.
  2214 | D:4      | Found a snail-covered altar of Cheibriados.
  2241 | D:4      | Reached skill level 8 in Long Blades
  2242 | D:4      | Reached XP level 6. HP: 34/51 MP: 5/5
  2313 | D:4      | Noticed Robin
  2332 | D:4      | Killed Robin
  2339 | D:4      | HP: 2/51 [poisoned by Robin]
  2339 | D:4      | Slain by a hobgoblin

Skill      XL: |  1  2  3  4  5 |
---------------+----------------+-----
Long Blades    | 4 5 6 8 |  8.7
Fighting       | |  3.6
Armour         | |  2.4
Dodging        | |  2.1

Action                   |  1- 3 |  4- 6 || total
-------------------------+-------+-------++-------
Melee: Falchion          |    68 |   139 ||   207
       Headbutt          |    12 |    28 ||    40
Invok: Berserk           |     1 |     1 ||     2
       Trog's Hand       |     1 |     1 ||     2
  Use: Scroll            |       |     9 ||     9
       Potion            |       |     1 ||     1
 Stab: Sleeping          |       |     1 ||     1
  Eat: Chunk             |     1 |     6 ||     7
Armor: Animal skin       |    22 |    12 ||    34
       Chain mail        |       |    31 ||    31
Dodge: Dodged            |    70 |    64 ||   134
       Rpst.: Falchion   |    13 |    22 ||    35
